 Dungeon Crawl Stone Soup version 0.28.0-47-ge53b351184 (webtiles) character file.

Game seed: 17125025263093415923

346 Gabide the Cudgeller (level 6, 0/49 HPs)
             Began as a Human Monk on May 9, 2022.
             Succumbed to a water moccasin's poison
             ... in a sewer.
             The game lasted 00:03:33 (3355 turns).

Gabide the Cudgeller (Human Monk)                   Turns: 3355, Time: 00:03:34

Health: 0/49       AC:  6    Str: 13    XL:     6   Next: 90%
Magic:  6/6        EV: 13    Int: 10    God:
Gold:   46         SH:  0    Dex: 16    Spells: 5/5 levels left

rFire   . . .      SeeInvis .   l - +0 flail
rCold   . . .      Faith    .   (no shield)
rNeg    . . .      Spirit   .   i - +0 leather armour
rPois   .          Reflect  .   b - +2 helmet
rElec   .          Harm     .   (no cloak)
rCorr   .          Rampage  .   (no gloves)
Will    +....                   (no boots)
Stlth   ++........              (no amulet)
HPRegen 0.16/turn               e - ring of willpower
MPRegen 0.10/turn               (no ring)

@: mighty, lethally poisoned (0 -> -1)
A: no striking features
a: no special abilities


You were in a sewer.
You visited 1 branch of the dungeon, and saw 3 of its levels.
You also visited: Sewer.

You collected 46 gold pieces.

Inventory:

Hand Weapons
 l - a +0 flail (weapon)
Armour
 b - a +2 helmet (worn)
 i - a +0 leather armour (worn)
Jewellery
 e - a ring of willpower (left hand)
Scrolls
 c - a scroll of vulnerability {unknown}
 d - a scroll of immolation {unknown}
 f - a scroll of identify {unknown}
 g - a scroll of teleportation
 h - a scroll of blinking {unknown}


   Skills:
 + Level 4.4 Fighting
 + Level 4.8 Maces & Flails
 - Level 2.0 Armour
 + Level 4.5 Dodging
 - Level 2.0 Stealth


You had 5 spell levels left.
You didn't know any spells.
Your spell library was empty.

Dungeon Overview and Level Annotations

Branches:
Dungeon (3/15)              Sewer (1/1)

Altars:


Message History

You feel attractive to monsters.
You feel very sick.
The water moccasin bites you but does no damage.
The water moccasin completely misses you.
It was a potion of cancellation.
Your magical effects are unravelling.
You feel magically purged.
You feel very sick. The water moccasin closely misses you.
You feel less attractive to monsters.
It was a potion of might.
You feel very mighty all of a sudden.
* * * LOW HITPOINT WARNING * * *
You feel very sick. The water moccasin bites you.
* * * LOW HITPOINT WARNING * * *
You bludgeon the water moccasin!!
You kill the water moccasin!
* * * LOW HITPOINT WARNING * * *
You feel very sick.
As you read the scroll labelled FYFFYA SIUPILO, it crumbles to dust.
You feel strangely unstable.
It was a scroll of teleportation.
* * * LOW HITPOINT WARNING * * *
You feel sick.
Okay, then.
Okay, then.
There is a lethal amount of poison in your body!
Found four items.
* * * LOW HITPOINT WARNING * * *
You feel sick.
You see here a water moccasin corpse.
* * * LOW HITPOINT WARNING * * *
You feel sick.
Your surroundings seem slightly different.
* * * LOW HITPOINT WARNING * * *
You feel sick.
You see here 14 gold pieces.
* * * LOW HITPOINT WARNING * * *
You feel sick.
You see here a potion of berserk rage.
You die...

#######
##$@!?$##
#..$!$..#
#.......#
#.......#
#.......#
#.......#
##.....##
#######
###†###
##.....##
#!#


There were no monsters in sight!

Vanquished Creatures
  A water moccasin (Sewer)
  A black bear (D:3)
  Robin (D:1)
  2 adders (D:2)
  2 river rats (D:3)
  6 dart slugs
  An orc (D:3)
  4 ball pythons
  9 bats
  3 endoplasms
  5 giant cockroaches
  14 hobgoblins
  11 jackals
  9 kobolds
  3 quokkas
  10 goblins
  6 rats
88 creatures vanquished.

Notes
Turn   | Place    | Note
-------+----------+-------------------------------------------
     0 | D:1      | Gabide the Human Monk began the quest for the Orb.
     0 | D:1      | Reached XP level 1. HP: 18/18 MP: 1/1
   206 | D:1      | Reached XP level 2. HP: 19/24 MP: 2/2
   310 | D:1      | Found a faded altar of an unknown god.
   367 | D:1      | Reached XP level 3. HP: 28/29 MP: 3/3
  1353 | D:2      | Noticed Robin
  1359 | D:1      | Reached XP level 4. HP: 35/35 MP: 4/4
  1924 | D:1      | Killed Robin
  2164 | D:2      | Reached skill level 1 in Armour
  2359 | D:2      | Reached XP level 5. HP: 42/42 MP: 5/5
  2766 | D:3      | Noticed a black bear
  2774 | D:3      | Killed a black bear
  2775 | D:3      | Reached XP level 6. HP: 16/48 MP: 6/6
  3303 | D:3      | Found a glowing drain.
  3307 | Sewer    | Entered a sewer
  3337 | Sewer    | Noticed a water moccasin
  3349 | Sewer    | Killed a water moccasin
  3353 | Sewer    | HP: 2/49 [poisoned by a water moccasin]
  3355 | Sewer    | Succumbed to a water moccasin's poison

Illustrated notes

Levels and vault maps discovered:
D:1:      dpeg_arrival_snail, layout_basic,
          hellmonk_ecumenical_altar_arch_garden
D:2:      layout_rooms, uniq_robin
D:3:      layout_loops_ring, serial_shops, shop, gup_sewer_entry_bowl
Sewer:    sewer_big_baddie

Skill      XL: |  1  2  3  4  5 |
---------------+----------------+-----
Armour         | 1 2 |  2.0
Fighting       | 4 |  4.4
Maces & Flails | 4 |  4.8
Dodging        | 4 |  4.5
Stealth        | |  2.0

Action                   |  1- 3 |  4- 6 || total
-------------------------+-------+-------++-------
Melee: Mace              |   109 |   102 ||   211
       Punch             |     1 |     3 ||     4
       Flail             |       |    69 ||    69
  Use: Potion            |       |     3 ||     3
       Scroll            |       |     1 ||     1
 Stab: Sleeping          |     1 |     2 ||     3
Armor: Robe              |    22 |       ||    22
       Leather armour    |     1 |    78 ||    79
Dodge: Dodged            |    87 |   157 ||   244
